 Dungeon Crawl Stone Soup version 0.17-a0-2002-g92c7e20 (webtiles) character file.

4698 Hedron the Martial Artist (level 10, -1/68 HPs)
             Began as an Octopode Monk on Oct 8, 2015.
             Was a Priest of Cheibriados.
             Slain by mrath's ghost (22 damage)
             ... on level 9 of the Dungeon.
             The game lasted 00:24:35 (8447 turns).

Hedron the Martial Artist (Octopode Monk)           Turns: 8447, Time: 00:24:36

Health: -1/68      AC:  1    Str: 21    XL:     10   Next: 45%
Magic:  1/14       EV: 18    Int: 18    God:    Cheibriados [***...]
Gold:   473        SH:  0    Dex: 26    Spells: 0 memorised, 9 levels left

rFire  . . .     SeeInvis .       - Unarmed
rCold  . . .     Clarity  .     (no shield)
rNeg   + + .     SustAt   +     (helmet restricted)
rPois  .         Gourm    .     e - amulet of warding
rElec  +         Spirit   .     o - ring of positive energy
rCorr  .         Warding  +     s - ring "Kenwaqen" {SustAt rElec Int-3 Dex+3 Stlth+}
rMut   .         Stasis   .     t - +3 ring of slaying
MR     .....                    (no ring)
Stlth  +++++.....               (no ring)
                                (no ring)
                                (no ring)
                                (no ring)

@: very slightly contaminated, very slow, not resistant to hostile enchantments,
quite stealthy
A: almost no armour, amphibious, 8 rings, constrict 8, camouflage 1, gelatinous
body 1
a: Bend Time, Temporal Distortion, Renounce Religion


You were on level 9 of the Dungeon.
You worshipped Cheibriados.
Cheibriados was most pleased with you.
You were hungry.

You visited 2 branches of the dungeon, and saw 10 of its levels.

You collected 473 gold pieces.

Inventory:

Missiles
 d - 2 throwing nets (quivered)
 h - 260 stones
 p - 22 poisoned needles
 x - 4 tomahawks
Magical Staves
 w - an uncursed staff of wizardry
Jewellery
 e - an amulet of warding (around mantle)
 o - a ring of positive energy (left tentacle)
 s - the ring "Kenwaqen" (right tentacle) {SustAt rElec Int-3 Dex+3 Stlth+}
   (You found it on level 4 of the Dungeon)

   [ring of sustain attributes]

   It sustains your strength, intelligence and dexterity.
   It affects your intelligence (-3).
   It affects your dexterity (+3).
   It insulates you from electricity.
   It makes you more stealthy.
 t - a +3 ring of slaying (on tentacle)
Wands
 y - a wand of draining (5)
 D - a wand of cold (4)
Scrolls
 b - 3 scrolls of blinking
 f - 4 scrolls of teleportation
 j - 2 scrolls of remove curse
 n - a scroll of amnesia
 q - a scroll of enchant armour
 A - a scroll of fog
Potions
 c - a potion of ambrosia
 g - 3 potions of flight
 i - 2 potions of curing
 l - a potion of mutation
 r - a potion of cancellation {unknown}
 u - 2 potions of degeneration {unknown}
 z - a potion of invisibility {unknown}
 C - a potion of haste {unknown}
Comestibles
 a - 9 bread rations
 k - 9 meat rations
 v - 8 slices of pizza
 B - a beef jerky
 F - 12 fruits


   Skills:
 + Level 6.0 Fighting
 + Level 6.1 Dodging
 - Level 2.6 Stealth
 * Level 12.0 Unarmed Combat
 + Level 5.4 Invocations
 + Level 3.1 Evocations


You had 9 spell levels left.
You didn't know any spells.

Dungeon Overview and Level Annotations

Branches:
Dungeon (9/15)             Temple (1/1) D:5
   Lair: D:8-11         Orc: D:9-12

Altars:
Ashenzari
Cheibriados
Dithmenos
Elyvilon
Fedhas
Gozag
Kikubaaqudgha
Makhleb
Nemelex Xobeh
Okawaru
Qazlal
Ru
Sif Muna
Trog
Vehumet
Xom
Yredelemnul
The Shining One

Annotations:
D:9 mrath's ghost, novice MiFi


Innate Abilities, Weirdness & Mutations

You cannot wear most types of armour.
You are amphibious.
You can wear up to eight rings at the same time.
You can use your tentacles to constrict eight enemies at once.
Your skin changes colour to match your surroundings (Stealth).
Your rubbery body absorbs attacks (AC +1).


Message History

You bludgeon mrath's ghost! Your squeeze misses mrath's ghost.
Mrath's ghost is moderately damaged.
Mrath's ghost barely misses you.
You miss mrath's ghost. You squeeze mrath's ghost!
Mrath's ghost is heavily damaged.
Mrath's ghost completely misses you.
You tentacle-slap mrath's ghost but do no damage.
Mrath's ghost is heavily damaged.
You barely miss mrath's ghost.
You squeeze mrath's ghost, but do no damage.
Mrath's ghost is heavily damaged.
Mrath's ghost hits you.
Use which ability?
You don't have enough magic at the moment.
You bludgeon mrath's ghost!
You tentacle-slap mrath's ghost, but do no damage.
Your squeeze misses mrath's ghost.
Mrath's ghost is severely damaged.
Mrath's ghost hits you!!
You die...

############ #..........#
#..####....# #..# #....#
#..####..†.#
#..........###### #########
#...)...........#
#.......####...W@..[.......#
.........(......###........#
...###########..# #...####.#
#### #..# #...# # #..# #...#
# #..# #...####.# #..#
#........# #..# #........#
#### ##.......#


You could see mrath's ghost.

Vanquished Creatures
  A hydra (D:8)
  Grinder (D:6)
  A wyvern (D:8)
  2 yaks (D:8)
  A water moccasin (D:5)
  A black bear (D:7)
  3 sky beasts
  2 orc warriors (D:6)
  4 ogres
  A centaur (D:5)
  4 big kobolds
  4 giant frogs
  5 scorpions
  4 killer bees (D:8)
  4 wights (D:8)
  2 crimson imps
  3 orc wizards
  A giant frog zombie (D:7)
  4 orc priests
  3 centaur skeletons
  2 hounds
  An iguana (D:8)
  A jelly (D:6)
  2 giant frog skeletons
  8 worker ants
  2 sheep (D:8)
  3 worker ant zombies
  3 gnolls (D:7)
  A shadow imp (D:4)
  10 adders
  2 oozes
  3 adder zombies
  2 adder skeletons
  2 giant geckos
  29 orcs
  5 giant cockroaches
  8 goblins
  11 hobgoblins
  8 jackals (D:6)
  11 kobolds
  3 quokkas
  5 bats
  2 giant gecko skeletons
  4 giant newts
  2 jackal skeletons
  16 rats
197 creatures vanquished.

Notes
Turn   | Place    | Note
--------------------------------------------------------------
     0 | D:1      | Hedron the Octopode Monk began the quest for the Orb.
     0 | D:1      | Reached XP level 1. HP: 16/16 MP: 1/1
    42 | D:1      | Reached XP level 2. HP: 21/21 MP: 2/2
   642 | D:2      | Reached XP level 3. HP: 22/26 MP: 3/3
   851 | D:2      | Reached skill level 5 in Unarmed Combat
  1171 | D:2      | Reached XP level 4. HP: 31/31 MP: 4/4
  1334 | D:2      | Found a radiant altar of Vehumet.
  2112 | D:3      | Reached skill level 6 in Unarmed Combat
  2131 | D:3      | Reached XP level 5. HP: 33/36 MP: 5/5
  2659 | D:4      | Noticed an ogre
  2686 | D:4      | Killed an ogre
  2686 | D:4      | Reached skill level 7 in Unarmed Combat
  2686 | D:4      | Reached XP level 6. HP: 30/42 MP: 6/6
  2935 | D:4      | Got a smoking ivory ring
  2939 | D:4      | Found a sparkling altar of Nemelex Xobeh.
  2944 | D:4      | Identified the ring "Kenwaqen" {SustAt rElec Int-3 Dex+3 Stlth+} (You found it on level 4 of the Dungeon)
  3205 | D:5      | Entered Level 5 of the Dungeon
  3347 | D:5      | Reached skill level 8 in Unarmed Combat
  3407 | D:5      | Reached XP level 7. HP: 33/46 MP: 7/7
  3934 | D:5      | Noticed a water moccasin
  3947 | D:5      | Killed a water moccasin
  3957 | D:5      | Reached skill level 9 in Unarmed Combat
  4428 | D:5      | Reached XP level 8. HP: 52/52 MP: 8/8
  4434 | D:5      | Found a staircase to the Ecumenical Temple.
  4447 | Temple   | Entered the Ecumenical Temple
  4529 | Temple   | Became a worshipper of Cheibriados the Contemplative
  4529 | Temple   | Acquired Cheibriados's first power
  4993 | D:6      | Found a shattered altar of Ashenzari.
  5027 | D:6      | Noticed Grinder
  5029 | D:6      | Reached skill level 10 in Unarmed Combat
  5056 | D:6      | Reached skill level 1 in Invocations
  5137 | D:6      | Paralysed by Grinder for 6 turns
  5144 | D:6      | Paralysed by Grinder for 3 turns
  5151 | D:6      | Killed Grinder
  5584 | D:6      | Acquired Cheibriados's second power
  5651 | D:6      | Reached XP level 9. HP: 27/58 MP: 9/11
  6368 | D:7      | Reached skill level 11 in Unarmed Combat
  6494 | D:7      | Found a shadowy altar of Dithmenos.
  6494 | D:7      | Found a glowing golden altar of the Shining One.
  6495 | D:7      | Found a sacrificial altar of Ru.
  7072 | D:7      | Reached skill level 5 in Dodging
  7090 | D:7      | Acquired Cheibriados's third power
  7181 | D:8      | Found a shimmering altar of Xom.
  7597 | D:8      | Reached skill level 5 in Fighting
  7669 | D:8      | Reached skill level 1 in Evocations
  7884 | D:8      | Reached XP level 10. HP: 59/66 MP: 13/13
  7986 | D:8      | Reached skill level 5 in Invocations
  8037 | D:8      | Noticed a three-headed hydra
  8046 | D:8      | Killed a three-headed hydra
  8046 | D:8      | Reached skill level 12 in Unarmed Combat
  8354 | D:9      | Noticed mrath's ghost (novice MiFi)
  8447 | D:9      | Slain by mrath's ghost

Vault maps used:
D:1:      eino_arrival_water_cross
D:2:      lemuel_coloured_pillars_altar, first_bread
D:4:      lemuel_crystal_altar
D:5:      minmay_temple_entry_crystal_x, minmay_strange_pillars
D:6:      basic_altar, uniq_grinder
D:7:      gammafunk_temple_overflow_claw
D:8:      old_standard_altar, hangedman_ranch
D:9:      zin_academy, orc_0_dummy, serial_undead, serial_undead_e,
          serial_undead_c, serial_undead_e, serial_undead_f
Temple:   circular_temple_12

Action                   |  1- 3 |  4- 6 |  7- 9 | 10-12 || total
-------------------------+-------+-------+-------+-------++-------
Melee: Unarmed           |    69 |   127 |   189 |    39 ||   424
Throw: Throwing net      |       |       |       |     2 ||     2
       Tomahawk          |       |       |       |     1 ||     1
Invok: Bend Time         |       |       |       |     3 ||     3
       Slouch            |       |       |       |     2 ||     2
  Use: Scroll            |     9 |     6 |     4 |     1 ||    20
       Potion            |       |     1 |     1 |     1 ||     3
 Stab: Sleeping          |    18 |    15 |    32 |     5 ||    70
       Distracted        |       |     2 |     1 |       ||     3
  Eat: Chunk             |     1 |     7 |     3 |     1 ||    12
       Meat ration       |       |       |     1 |       ||     1
